 Dungeon Crawl Stone Soup version 0.27.1-2-g3b301248ec (webtiles) character file.

Game seed: 1794114386670167029

48 Borgoz the Skirmisher (level 3, -5/24 HPs)
             Began as a Gargoyle Berserker on Sept 27, 2021.
             Was a Follower of Trog.
             Slain by Crazy Yiuf (15 damage)
             ... on level 2 of the Dungeon.
             The game lasted 00:01:39 (2273 turns).

Borgoz the Skirmisher (Gargoyle Berserker)          Turns: 2273, Time: 00:01:40

Health: -5/24      AC:  5    Str: 21    XL:     3   Next: 72%
Magic:  3/3        EV: 12    Int:  7    God:    Trog [*.....]
Gold:   48         SH:  0    Dex:  9    Spells: 2/2 levels left

rFire    . . .     SeeInvis .   a - +0 mace
rCold    . . .     Faith    .   (no shield)
rNeg     + . .     Spirit   .   b - +0 animal skin
rPois    ∞         Reflect  .   (no helmet)
rElec    +         Harm     .   (no cloak)
rCorr    .         Rampage  .   (no gloves)
Will     .....                  (no boots)
Stlth    +.........             g - amulet of the acrobat
HPRegen  0.08/turn              (no ring)
MPRegen  0.08/turn              (no ring)

@: no status effects
A: sickness immunity, AC +3, negative energy resistance 1, electricity
resistance, torment resistance 1, petrification resistance
a: Renounce Religion, Berserk


You were on level 2 of the Dungeon.
You worshipped Trog.
Trog was aware of your devotion.
You visited 1 branch of the dungeon, and saw 2 of its levels.

You collected 48 gold pieces.

Inventory:

Hand Weapons
 a - a +0 mace (weapon)
Armour
 b - a +0 animal skin (worn)
Jewellery
 g - an amulet of the acrobat (around neck)
Scrolls
 c - 2 scrolls of summoning {unknown}
 f - a scroll of fog {unknown}
Potions
 d - a potion of magic {unknown}
 e - a potion of degeneration {unknown}
 h - a potion of resistance {unknown}
 i - a potion of berserk rage {unknown}


   Skills:
 + Level 3.8 Fighting
 + Level 3.4 Maces & Flails
 + Level 2.8 Armour
 + Level 2.1 Dodging


You had 2 spell levels left.
You didn't know any spells.
Your spell library was empty.

Dungeon Overview and Level Annotations

Branches:
Dungeon (2/15)

Altars:

Shops:
D:1 !

Annotations:
D:2 Crazy Yiuf


Innate Abilities, Weirdness & Mutations

You are immune to sickness and miasma.
Your stone body is resilient. (AC +3)
You are immune to poison.
You resist negative energy. (rN+)
You are resistant to electric shocks. (rElec)
You are resistant to unholy torment.
You are immune to petrification.


Message History

No target in view!
No target in view!
No target in view!
You see here a dart slug corpse.
Found a stone staircase leading down.
Found a runed mace.
Found a runed translucent door.
Crazy Yiuf shouts!
Crazy Yiuf says, "Rot water toodlewoodle!"
Found 22 arrows.
No target in view!
You see here 22 arrows.
You see here 22 arrows.
You see here a +0 club.
You enter the shallow water.
Moving in this stuff is going to be slow.
You enter the shallow water.
Moving in this stuff is going to be slow.
You see here 22 bolts.
You enter the shallow water.
Moving in this stuff is going to be slow.
You enter the shallow water.
Moving in this stuff is going to be slow.
You enter the shallow water.
Moving in this stuff is going to be slow.
There is a stone staircase leading down here.
There is a stone staircase leading up here.
Could not explore, unopened runed door.
Could not explore, unopened runed door.
You fail to use your ability.
You open the door. You sock Crazy Yiuf!
Crazy Yiuf is moderately wounded.
Crazy Yiuf hits you with a +4 quarterstaff of chaos!
Ouch! That really hurt!
Crazy Yiuf freezes you.
You sock Crazy Yiuf!
Crazy Yiuf is severely wounded.
Crazy Yiuf hits you with a +4 quarterstaff of chaos!
Ouch! That really hurt!
You die...

.........# #######.####.
..##.##### #...... ####.####
######. # #.##.# #. ####.##.# #.
.......># #. ####.##.##♣♣ ### #.
#.......♣♣ ♣♣#..)# #. #
###......♣♣♣♣@g...# ### ###. #
##......♣..♣#...# #.#####... #
##....♣.♣♣♣ ### #.........
##########♣♣♣♣♣ #.#####...
........# #...###### #######.###
######## #.#.#≈≈≈≈# ..#
#.#.###...##.# #...#≈≈≈≈#
#.#####.........(..#####...'≈≈≈≈+
#.........########.......###≈≈≈≈#


You could see Crazy Yiuf.

Vanquished Creatures
  An adder (D:2)
  2 dart slugs
  3 endoplasms
  A giant cockroach (D:2)
  5 goblins
  3 hobgoblins
  3 jackals (D:2)
  3 quokkas
  3 ball pythons
  5 bats
  2 frilled lizards (D:2)
  A rat (D:1)
32 creatures vanquished.

Notes
Turn   | Place    | Note
-------+----------+-------------------------------------------
     0 | D:1      | Borgoz the Gargoyle Berserker began the quest for the Orb.
     0 | D:1      | Reached XP level 1. HP: 14/14 MP: 1/1
    96 | D:1      | Found Iclocit's Distillery.
   131 | D:1      | Reached XP level 2. HP: 11/19 MP: 2/2
  1223 | D:2      | Reached XP level 3. HP: 12/23 MP: 3/3
  2064 | D:2      | Found a runed translucent door.
  2065 | D:2      | Noticed Crazy Yiuf
  2273 | D:2      | Slain by Crazy Yiuf

Illustrated notes

Levels and vault maps discovered:
D:1:      dpeg_arrival_rhombi, layout_basic, serial_shops, shop,
          chequers_decorated_corner, kennysheep_flooded_box
D:2:      layout_loops_ring, serial_rivers, chequers_serial_rivers_micro_d,
          chequers_serial_rivers_room_b, chequers_serial_rivers_room_b,
          chequers_serial_rivers_marsh, chequers_serial_rivers_marsh,
          uniq_crazy_yiuf_cottage

Skill      XL: |  1  2  3 |
---------------+----------+-----
Dodging        | 2 |  2.1
Fighting       | |  3.8
Maces & Flails | |  3.4
Armour         | |  2.8

Action                   || total
-------------------------++-------
Melee: Mace              ||   103
Invok: Berserk           ||     1
Armor: Animal skin       ||    45
Dodge: Dodged            ||    93
